 Dungeon Crawl Stone Soup version bcrawl-1.13 (webtiles) character file.

Game seed: 11535857326360186306

268 RedPan the Changer (level 6, -2/47 HPs)
             Began as a Draconian Transmuter on July 25, 2019.
             Slain by Grinder (5 damage)
             ... on level 4 of the Dungeon.
             The game lasted 00:07:04 (3430 turns).

RedPan the Changer (Draconian Transmuter)           Turns: 3430, Time: 00:07:05

Health: -2/47      AC:  6    Str: 12    XL:     6   Next: 0%
Magic:  8/9        EV: 12    Int: 15    God:
Gold:   295        SH:  0    Dex: 12    Spells: 4/9 levels left

rFire    . . .     SeeInvis .     - Unarmed
rCold    . . .     Gourm    .   (no shield)
rNeg     . . .     Faith    .   (armour unavailable)
rPois    .         Spirit   .   (helmet restricted)
rElec    .         Reflect  .   (no cloak)
rCorr    .         Harm     .   (no gloves)
MR       .....                  (no boots)
Stlth    +.........             b - amulet of the acrobat
HPRegen  0.15/turn              (no ring)
MPRegen  0.11/turn              (no ring)

@: very slightly contaminated
A: unfitting armour, cold-blooded, AC +6
a: no special abilities


You were on level 4 of the Dungeon.
You were not hungry.

You visited 1 branch of the dungeon, and saw 4 of its levels.

You collected 295 gold pieces.

Inventory:

Missiles
 a - 354 arrows
 f - a throwing net (quivered) {!f}
Jewellery
 b - an amulet of the acrobat (around neck)
Wands
 h - a wand of clouds (6)
Scrolls
 j - a scroll of remove curse
 k - a scroll of teleportation
 l - a scroll of fog
Potions
 c - a potion of lignification
 e - a potion of magic
 i - 2 potions of might {unknown}
 m - a potion of curing
 o - a potion of degeneration {unknown}
Comestibles
 d - 2 rations {!d}


   Skills:
 - Level 1.1 Fighting
 - Level 1.7 Dodging
 - Level 4.0 Unarmed Combat
 - Level 2.0 Spellcasting
 + Level 4.9 Transmutations
 + Level 2.6 Poison Magic


You had 4 spell levels left.
You knew the following spells:

 Your Spells              Type           Power        Failure   Level  Hunger
b - Sticks to Snakes      Tmut           ###.....     4%          2    ###....
c - Spider Form           Tmut/Pois      ##.          14%         3    ###....

Your spell library contained the following spells:

 Spells                   Type           Power        Failure   Level  Hunger
 Beastly Appendage        Tmut           ###...       3%          1    #......
 Ice Form                 Ice/Tmut       #.......     63%         4    #####..
 Blade Hands              Tmut           ###.......   63%         5    ######.


Dungeon Overview and Level Annotations

Branches:
Dungeon (4/12)
 Temple: D:4-7

Altars:
Okawaru
Vehumet
Xom
Zin

Annotations:
D:4 Grinder


Innate Abilities, Weirdness & Mutations

Your plain brown scales are hard. (AC +6)
You cannot fit into any form of body armour.
You are cold-blooded and may be slowed by cold attacks.


Message History

Grinder gestures at you.
You suddenly lose the ability to move!
The jackal barely misses you.
The jackal bites you but does no damage.
Grinder gestures at you.
You shrug off the repeated paralysis!
The jackal bites you but does no damage.
You can move again.
Unknown command.
The howler monkey misses you. The jackal completely misses you.
Grinder hits you!
* * * LOW HITPOINT WARNING * * *
You writhe in agony.
* * * LOW HITPOINT WARNING * * *
There is a stone staircase leading up, spattered with blood here.
Unknown command.
The howler monkey hits you.
* * * LOW HITPOINT WARNING * * *
The jackal completely misses you. Grinder hits you.
You die...

.. #. #.. ....
#.. #.... #...
####......
#...###@5O.....
#...#hh##.....
#..S###.#.##
#.#O#.=O#
...#.†.#
#..#....##
##...##...
#..## #.### #..
#.#


You could see Grinder, 2 ogres, a howler monkey, an adder and a jackal.

Vanquished Creatures
  A sky beast (D:4)
  An orc wizard (D:3)
  A hound skeleton (D:3)
  4 adders
  3 oozes
  5 worms
  A dart slug (D:3)
  A leopard gecko (D:1)
  5 orcs (D:3)
  5 bats
  2 giant cockroaches (D:1)
  2 goblins (D:1)
  7 hobgoblins
  8 jackals
  10 kobolds
  2 quokkas (D:2)
  A ball python (D:2)
  4 frilled lizards
  7 rats
70 creatures vanquished.

Vanquished Creatures (collateral kills)
  A bat (D:2)
1 creature vanquished.

Grand Total: 71 creatures vanquished

Notes
Turn   | Place    | Note
-------+----------+-------------------------------------------
     0 | D:1      | RedPan the Draconian Transmuter began the quest for the
                  | Orb.
     0 | D:1      | Reached XP level 1. HP: 16/16 MP: 3/3
    83 | D:1      | Reached XP level 2. HP: 8/23 MP: 5/5
   123 | D:1      | Learned a level 2 spell: Sticks to Snakes
  1250 | D:2      | Reached XP level 3. HP: 25/28 MP: 4/6
  1265 | D:2      | Learned a level 3 spell: Spider Form
  2258 | D:3      | Found a radiant altar of Vehumet.
  2277 | D:2      | Reached XP level 4. HP: 20/35 MP: 2/7
  2430 | D:3      | Reached skill level 1 in Poison Magic
  2494 | D:3      | Found a shimmering altar of Xom.
  2498 | D:3      | Noticed an angel
  2500 | D:3      | Found a glowing silver altar of Zin.
  2986 | D:3      | Reached XP level 5. HP: 32/40 MP: 4/8
  3238 | D:3      | Found an iron altar of Okawaru.
  3403 | D:4      | Noticed a sky beast
  3410 | D:4      | Noticed an ogre
  3414 | D:4      | Killed a sky beast
  3414 | D:4      | Noticed an ogre
  3422 | D:4      | Reached XP level 6. HP: 17/47 MP: 7/9
  3423 | D:4      | Noticed Grinder
  3426 | D:4      | Paralysed by Grinder for 3 turns
  3430 | D:4      | Slain by Grinder

Skill      XL: |  1  2  3  4  5 |
---------------+----------------+-----
Transmutations | 3 4 |  4.9
Poison Magic   | 1 2 |  2.6
Unarmed Combat | 4 |  4.0
Fighting       | |  1.1
Dodging        | |  1.7
Spellcasting   | |  2.0

Action                   |  1- 3 |  4- 6 || total
-------------------------+-------+-------++-------
Melee: Unarmed           |   173 |    81 ||   254
       Kick              |    17 |       ||    17
       Tailslap          |    16 |     4 ||    20
       Punch             |     1 |       ||     1
       Headbutt          |     8 |       ||     8
 Cast: Beastly Appendage |    19 |       ||    19
       Sticks to Snakes  |     3 |       ||     3
       Spider Form       |     1 |     6 ||     7
  Use: Scroll            |     7 |     1 ||     8
 Stab: Sleeping          |     1 |       ||     1
  Eat: Chunk             |     5 |     5 ||    10
Armor: Skin              |    55 |    10 ||    65
Dodge: Dodged            |   168 |    79 ||   247
